 Dungeon Crawl Stone Soup version 0.22.0-49-gab54619 (webtiles) character file.

37 Spepijn the Caller (level 3, -3/19 HPs)
             Began as a Deep Elf Summoner on Sept 3, 2018.
             Slain by a hippogriff (5 damage)
             ... on level 2 of the Dungeon.
             The game lasted 00:05:43 (1656 turns).

Spepijn the Caller (Deep Elf Summoner)              Turns: 1656, Time: 00:05:44

Health: -3/19      AC:  2    Str:  5    XL:     3   Next: 23%
Magic:  2/10       EV: 13    Int: 20    God:
Gold:   119        SH:  0    Dex: 15    Spells: 6/9 levels left

rFire    . . .     SeeInvis .   (no weapon)
rCold    . . .     Gourm    .   (no shield)
rNeg     . . .     Faith    .   a - +0 robe
rPois    .         Spirit   .   (no helmet)
rElec    .         Reflect  .   (no cloak)
rCorr    .         Harm     .   (no gloves)
MR       .....                  (no boots)
Stlth    ++........             (no amulet)
HPRegen  0.06/turn              (no ring)
MPRegen  0.12/turn              (no ring)

@: no status effects
A: no striking features
a: no special abilities


You were on level 2 of the Dungeon.
You were not hungry.

You visited 1 branch of the dungeon, and saw 2 of its levels.

You collected 119 gold pieces.

Inventory:

Missiles
 d - 58 stones (quivered)
Armour
 a - a +0 robe (worn)
 b - a +0 pair of gloves
 k - a +0 shield
Scrolls
 e - a scroll of random uselessness {unknown}
 g - a scroll of amnesia {unknown}
 h - 3 scrolls of magic mapping {unknown}
 i - a scroll of enchant armour {unknown}
 j - 2 scrolls of enchant weapon {unknown}
Potions
 f - 2 potions of berserk rage {unknown}
 l - a potion of haste {unknown}
Comestibles
 c - 2 rations


   Skills:
 - Level 2.4 Dodging
 + Level 3.2 Stealth
 + Level 3.5 Spellcasting
 * Level 5.1 Summonings


You had 6 spell levels left.
You knew the following spells:

 Your Spells              Type           Power        Failure   Level  Hunger
a - Summon Small Mammal   Summ           ###.         1%          1    None
b - Call Imp              Summ           ###.....     2%          2    ##.....

Your spell library contained the following spells:

 Spells                   Type           Power        Failure   Level  Hunger
 Call Canine Familiar     Summ           ###.....     4%          3    ###....
 Summon Guardian Golem    Hex/Summ       ##......     14%         3    ###....
 Summon Ice Beast         Ice/Summ       ##......     43%         4    ####...
 Summon Lightning Spire   Summ/Air       ##......     43%         4    ####...


Dungeon Overview and Level Annotations

Branches:
Dungeon (2/15)

Altars:
Fedhas


Message History

Your quokka's corpse disappears in a puff of smoke!
Your rat bites the hippogriff.
Your rat completely misses the adder.
The hippogriff bites you!
Ouch! That really hurt!
The hippogriff pecks you but does no damage.
The hippogriff claws you but does no damage.
Casting: Summon Small Mammal (safe; 1% risk of failure)
Confirm with . or Enter, or press ? or * to list all spells.
The hippogriff bites you. The hippogriff pecks you.
The hippogriff completely misses you.
Your rat completely misses the adder.
The hippogriff barely misses you. The hippogriff misses you.
The hippogriff closely misses you.
Your rat bites the adder.
Casting: Summon Small Mammal (safe; 1% risk of failure)
Confirm with . or Enter, or press ? or * to list all spells.
Your rat barely misses the adder.
The hippogriff bites you.
* * * LOW HITPOINT WARNING * * *
The hippogriff closely misses you. The hippogriff claws you.
You die...

#........# #.######.#
#######.# #.#
..#...#.#### #.#
#..#.......# #.#
####.##....##.# #.#
#[..........#.###.#####
#.##.###...##....rS.r.#
#.##..###.....b.@H###.#
#.##.#....#########
#ยง# ...r.####.# #.#
#.#### ##'## #.# #.#
##...## #.### ..#
##.....## #.!.# ..#
##.......# ###.#
..###.........# S#
....'.........+ .#


You could see a hippogriff, an adder, a friendly bat and 2 friendly rats.

Vanquished Creatures (collateral kills)
  A gnoll (D:1)
  3 adders (D:2)
  An ooze (D:2)
  3 dart slugs
  4 bats
  A giant cockroach (D:1)
  3 goblins
  4 hobgoblins
  A frilled lizard (D:1)
  3 rats (D:1)
24 creatures vanquished.

Notes
Turn   | Place    | Note
-------+----------+-------------------------------------------
     0 | D:1      | Spepijn the Deep Elf Summoner began the quest for the Orb.
     0 | D:1      | Reached XP level 1. HP: 10/10 MP: 6/6
   205 | D:1      | Reached XP level 2. HP: 15/15 MP: 5/8
  1263 | D:2      | Reached skill level 5 in Summonings
  1271 | D:2      | Learned a level 2 spell: Call Imp
  1272 | D:2      | Found a blossoming altar of Fedhas.
  1351 | D:2      | Reached XP level 3. HP: 19/19 MP: 6/10
  1623 | D:2      | Noticed a hippogriff
  1656 | D:2      | Slain by a hippogriff

Skill      XL: |  1  2 |
---------------+-------+-----
Stealth        | 3 |  3.2
Summonings     | 5 |  5.1
Dodging        | |  2.4
Spellcasting   | |  3.5

Action                   || total
-------------------------++-------
Throw: Stone             ||     2
 Cast: Summon Small Mamm ||    84
  Eat: Ration            ||     1
Armor: Robe              ||     2
Dodge: Dodged            ||    19
